 Dungeon Crawl Stone Soup version 0.28-a0-828-g0121872642 (webtiles) character file.

Game seed: 17882132910528685354

669 Woods the Insei (level 7, 0/53 HPs)
             Began as a Gnoll Transmuter on Nov 10, 2021.
             Slain by a water moccasin (4 damage)
             ... on level 5 of the Dungeon.
             The game lasted 00:05:48 (5801 turns).

Woods the Insei (Gnoll Transmuter)                  Turns: 5801, Time: 00:05:48

Health: 0/53       AC:  2    Str:  9    XL:     7   Next: 58%
Magic:  13/15      EV: 13    Int: 15    God:
Gold:   148        SH:  0    Dex: 12    Spells: 3/17 levels left

rFire   . . .      SeeInvis .     - Unarmed
rCold   . . .      Faith    .   (no shield)
rNeg    . . .      Spirit   .   a - +0 robe
rPois   .          Reflect  .   (no helmet)
rElec   .          Harm     .   (no cloak)
rCorr   .          Rampage  .   (no gloves)
Will    .....                   (no boots)
Stlth   ++........              (no amulet)
HPRegen 0.17/turn               (no ring)
MPRegen 0.14/turn               (no ring)

@: lethally poisoned (0 -> -23)
A: fangs 1, strong nose, distributed training
a: no special abilities


You were on level 5 of the Dungeon.
You visited 1 branch of the dungeon, and saw 5 of its levels.

You collected 148 gold pieces.

Inventory:

Armour
 a - a +0 robe (worn)
Wands
 o - a wand of paralysis (13)
Scrolls
 b - 2 scrolls of blinking {unknown}
 d - a scroll of enchant armour {unknown}
 g - a scroll of enchant weapon {unknown}
 i - 2 scrolls of magic mapping {unknown}
 j - 2 scrolls of noise {unknown}
 k - a scroll of immolation {unknown}
 m - 2 scrolls of identify {unknown}
 n - a scroll of teleportation {unknown}
Potions
 c - 2 potions of flight {unknown}
 e - a potion of haste {unknown}
 f - 2 potions of cancellation
 h - a potion of degeneration {unknown}
 l - a potion of attraction {unknown}
 p - 2 potions of might {unknown}
 q - a potion of curing {unknown}


   Skills:
 + Level 3.7 Fighting
 + Level 2.6 Short Blades
 + Level 2.6 Long Blades
 + Level 2.6 Axes
 + Level 2.6 Maces & Flails
 + Level 2.6 Polearms
 + Level 2.6 Staves
 + Level 2.6 Slings
 + Level 2.6 Bows
 + Level 2.6 Crossbows
 + Level 2.6 Throwing
 + Level 2.6 Armour
 + Level 5.3 Dodging
 + Level 2.6 Stealth
 + Level 2.6 Shields
 + Level 7.1 Unarmed Combat
 + Level 5.6 Spellcasting
 + Level 2.1 Conjurations
 + Level 2.1 Hexes
 + Level 2.1 Summonings
 + Level 2.1 Necromancy
 + Level 2.1 Translocations
 + Level 4.3 Transmutations
 + Level 2.1 Fire Magic
 + Level 2.1 Ice Magic
 + Level 2.1 Air Magic
 + Level 2.1 Earth Magic
 + Level 2.1 Poison Magic
 + Level 2.9 Invocations
 + Level 2.6 Evocations


You had 3 spell levels left.
You knew the following spells:

 Your Spells              Type           Power      Damage    Failure   Level
a - Beastly Appendage     Tmut           34%        N/A       2%          1
b - Wereblood             Tmut           17%        N/A       3%          2
c - Spider Form           Tmut/Pois      14%        N/A       12%         3
d - Ice Form              Ice/Tmut       14%        N/A       36%         4
e - Hailstorm             Conj/Ice       10%        3d5       54%         4

Your spell library contained the following spells:

 Spells                   Type           Power      Damage    Failure   Level
 Gell's Gravitas          Tloc           10%        N/A       19%         3
 Teleport Other           Tloc           10%        N/A       19%         3
 Dispersal                Tloc           5%         N/A       100%        6
 Simulacrum               Ice/Necr       5%         N/A       100%        6


Dungeon Overview and Level Annotations

Branches:
Dungeon (5/15)
 Temple: D:4-7

Altars:
Ashenzari
Elyvilon
Fedhas
Hepliaklqana
The Shining One

Shops:
D:1 :


Innate Abilities, Weirdness & Mutations

You have very sharp teeth.
Your uncanny sense of smell can sniff out nearby items.
Your experience applies equally to all skills.


Message History

The water moccasin hisses angrily.
A water moccasin is nearby!
Casting: Spider Form (dangerous; 12% risk of failure)
Confirm with . or Enter, or press ? or * to list all spells.
You turn into a venomous arachnid creature.
Your +0 robe melds into your body.
An ogre comes into view. It is wielding a +0 giant club.
Found 2 scrolls labelled LIEQATA AMEGG.
The water moccasin barely misses you.
You barely miss the water moccasin. The water moccasin bites you.
You are poisoned.
The water moccasin poisons you!
You closely miss the water moccasin.
You feel extremely sick. The water moccasin bites you.
You are lethally poisoned!
The water moccasin poisons you!
You hit the water moccasin.
The water moccasin is lightly wounded.
You feel extremely sick. The water moccasin barely misses you.
You barely miss the water moccasin.
The water moccasin is lightly wounded.
You feel extremely sick. The water moccasin closely misses you.
You hit the water moccasin.
The water moccasin is poisoned.
The water moccasin is moderately wounded.
* * * LOW HITPOINT WARNING * * *
You feel extremely sick. The water moccasin bites you.
* * * LOW HITPOINT WARNING * * *
The water moccasin misses you.
It was a potion of cancellation.
Your magical effects are unravelling.
You feel magically purged.
Your transformation has ended.
Your +0 robe unmelds from your body.
* * * LOW HITPOINT WARNING * * *
You feel extremely sick. The water moccasin bites you.
You die...

#......#####.#####.##.........#
#........##.># #.##......(..#
#.......#..#.## #.##.........#
........##...# #.##.........#
.......###....#####.##.........#
......###..##....#.............#
##.#.## #.## ###....############
#... .. #...## ##.. #.# #@### ..
#...S...# ... #.......#
#...O...# ..[......# .##........
. .........# .....?...##


You could see a water moccasin (very poisoned) and an ogre.

Vanquished Creatures
  A necrophage (D:5)
  2 ogres
  A centaur (D:5)
  A jelly (D:5)
  2 hounds
  A bullfrog skeleton (D:5)
  An iguana (D:5)
  2 orc wizards
  5 adders
  An ufetubus (D:5)
  4 worms
  2 dart slugs (D:2)
  8 orcs
  2 bats
  7 endoplasms
  2 giant cockroaches
  2 goblins
  7 hobgoblins
  5 kobolds
  5 quokkas
  9 ball pythons
  2 frilled lizards
  5 rats
77 creatures vanquished.

Vanquished Creatures (others)
  A kobold (D:4)
  4 plants (D:3)
  8 withered plants (D:3)
13 creatures vanquished.

Grand Total: 90 creatures vanquished

Notes
Turn   | Place    | Note
-------+----------+-------------------------------------------
     0 | D:1      | Woods the Gnoll Transmuter began the quest for the Orb.
     0 | D:1      | Reached XP level 1. HP: 17/17 MP: 6/6
   376 | D:1      | Found Jodutono's Book Shoppe.
   498 | D:1      | Reached XP level 2. HP: 22/23 MP: 5/7
   958 | D:2      | Reached XP level 3. HP: 21/28 MP: 7/9
  1066 | D:2      | Reached skill level 5 in Spellcasting
  1075 | D:1      | Learned a level 2 spell: Wereblood
  1079 | D:1      | Learned a level 3 spell: Spider Form
  1354 | D:2      | Reached skill level 1 in Invocations
  1491 | D:2      | Reached skill level 1 in Short Blades
  1491 | D:2      | Reached skill level 1 in Long Blades
  1491 | D:2      | Reached skill level 1 in Axes
  1491 | D:2      | Reached skill level 1 in Maces & Flails
  1491 | D:2      | Reached skill level 1 in Polearms
  1491 | D:2      | Reached skill level 1 in Staves
  1491 | D:2      | Reached skill level 1 in Slings
  1491 | D:2      | Reached skill level 1 in Bows
  1491 | D:2      | Reached skill level 1 in Crossbows
  1491 | D:2      | Reached skill level 1 in Throwing
  1491 | D:2      | Reached skill level 1 in Armour
  1491 | D:2      | Reached skill level 1 in Stealth
  1491 | D:2      | Reached skill level 1 in Shields
  1491 | D:2      | Reached skill level 1 in Evocations
  1668 | D:2      | Reached XP level 4. HP: 34/34 MP: 9/11
  2276 | D:3      | Found a faded altar of an unknown god.
  2540 | D:3      | Reached skill level 1 in Conjurations
  2540 | D:3      | Reached skill level 1 in Hexes
  2540 | D:3      | Reached skill level 1 in Summonings
  2540 | D:3      | Reached skill level 1 in Necromancy
  2540 | D:3      | Reached skill level 1 in Translocations
  2540 | D:3      | Reached skill level 1 in Fire Magic
  2540 | D:3      | Reached skill level 1 in Ice Magic
  2540 | D:3      | Reached skill level 1 in Air Magic
  2540 | D:3      | Reached skill level 1 in Earth Magic
  2540 | D:3      | Reached skill level 1 in Poison Magic
  3635 | D:3      | Reached XP level 5. HP: 40/40 MP: 10/12
  3931 | D:3      | Found a broken altar of Ashenzari.
  3931 | D:3      | Found a hazy altar of Hepliaklqana.
  4160 | D:4      | Found a white marble altar of Elyvilon.
  4203 | D:4      | Found a glowing golden altar of the Shining One.
  4412 | D:4      | Noticed an ogre
  4420 | D:4      | Killed an ogre
  4421 | D:4      | Reached XP level 6. HP: 35/47 MP: 9/13
  4805 | D:5      | Entered Level 5 of the Dungeon
  4826 | D:5      | Reached skill level 5 in Dodging
  4889 | D:5      | Found a blossoming altar of Fedhas.
  5191 | D:5      | Learned a level 4 spell: Ice Form
  5196 | D:5      | Learned a level 4 spell: Hailstorm
  5218 | D:5      | Reached XP level 7. HP: 40/52 MP: 11/15
  5354 | D:5      | Reached skill level 7 in Unarmed Combat
  5801 | D:5      | Slain by a water moccasin

Illustrated notes

Levels and vault maps discovered:
D:1:      erik_arrival_orb_chamber, layout_loops_ring, serial_shops,
          shop_fountains, minivault_19
D:2:      layout_basic
D:3:      layout_basic, chequers_temple_overflow_statue_of_worship,
          shapermc_ecumenical_altar_flowoftime, grunt_decor_arrowhead,
          minmay_misc_feat_rows
D:4:      layout_cave_pools, tso_metal_star, elyvilon_altar_4
D:5:      minmay_polygon_palace, layout_rooms, fedhas_bush_and_centaur_altar,
          kennysheep_generic_room_16

Skill      XL: |  1  2  3  4  5  6  7 |
---------------+----------------------+-----
Spellcasting   | 5 |  5.6
Invocations    | 1 2 |  2.9
Short Blades   | 1 2 |  2.6
Long Blades    | 1 2 |  2.6
Axes           | 1 2 |  2.6
Maces & Flails | 1 2 |  2.6
Polearms       | 1 2 |  2.6
Staves         | 1 2 |  2.6
Slings         | 1 2 |  2.6
Bows           | 1 2 |  2.6
Crossbows      | 1 2 |  2.6
Throwing       | 1 2 |  2.6
Armour         | 1 2 |  2.6
Stealth        | 1 2 |  2.6
Shields        | 1 2 |  2.6
Evocations     | 1 2 |  2.6
Conjurations   | 1 2 |  2.1
Hexes          | 1 2 |  2.1
Summonings     | 1 2 |  2.1
Necromancy     | 1 2 |  2.1
Translocations | 1 2 |  2.1
Fire Magic     | 1 2 |  2.1
Ice Magic      | 1 2 |  2.1
Air Magic      | 1 2 |  2.1
Earth Magic    | 1 2 |  2.1
Poison Magic   | 1 2 |  2.1
Fighting       | 3 |  3.7
Transmutations | 4 |  4.3
Dodging        | 5 |  5.3
Unarmed Combat | 7 |  7.1

Action                   |  1- 3 |  4- 6 |  7- 9 || total
-------------------------+-------+-------+-------++-------
Melee: Unarmed           |    71 |   132 |    55 ||   258
       Bite              |     3 |     3 |       ||     6
       Kick              |     6 |    12 |       ||    18
       Headbutt          |     4 |     8 |       ||    12
       Punch             |       |     1 |       ||     1
 Cast: Beastly Appendage |    21 |    22 |       ||    43
       Spider Form       |       |     8 |     7 ||    15
       Wereblood         |       |     1 |       ||     1
  Use: Potion            |       |       |     1 ||     1
 Stab: Sleeping          |     1 |       |     1 ||     2
Armor: Robe              |     8 |    12 |       ||    20
       Skin              |       |     2 |     1 ||     3
Dodge: Dodged            |    37 |    68 |    29 ||   134

Table legend: (Time is in decaauts)
 A = Elapsed time spent in this place.
 B = Non-inter-level travel time spent in this place.
 C = Inter-level travel time spent in this place.
 D = Time resting spent in this place.
 E = Time spent auto-exploring this place.
 F = Levels seen in this place.
 G = Mean time per level.
                   A        B        C        D        E       F      G
               +--------+--------+--------+--------+--------+-----+--------+
         Total |   5769 |   5728 |     41 |   1152 |   3802 |   5 | 1153.8 |
       Dungeon |   5769 |   5728 |     41 |   1152 |   3802 |   5 | 1153.8 |
               +--------+--------+--------+--------+--------+-----+--------+

Top non-repeatable levels by time:
     D:3: 1801 daAuts
     D:2: 1272 daAuts
     D:4: 1009 daAuts
     D:1: 964 daAuts
     D:5: 722 daAuts
